 Dungeon Crawl Stone Soup version 0.25.1-2-g60ff931df9 (webtiles) character file.

Game seed: 15976725518373366332

48 DildoBatman the Magician (level 4, -2/30 HPs)
             Began as a Formicid Wizard on Oct 30, 2020.
             Slain by a gnoll
             ... wielding a +0 halberd
              (7 damage)
             ... on level 3 of the Dungeon.
             The game lasted 00:03:04 (1746 turns).

DildoBatman the Magician (Formicid Wizard)          Turns: 1746, Time: 00:03:05

Health: -2/30      AC:  3    Str: 12    XL:     4   Next: 0%
Magic:  8/8        EV:  8    Int: 18    God:
Gold:   42         SH:  0    Dex:  9    Spells: 8/9 levels left

rFire    . . .     SeeInvis +   i - +0 short sword
rCold    . . .     Gourm    .   (no shield)
rNeg     . . .     Faith    .   a - +0 robe
rPois    .         Spirit   .   (helmet unavailable)
rElec    .         Reflect  .   b - +0 cloak
rCorr    .         Harm     .   (no gloves)
MR       .....                  (no boots)
Stlth    ++........             (no amulet)
HPRegen  0.10/turn              c - +4 ring of slaying
MPRegen  0.11/turn              d - -4 ring of evasion (curse)

@: lethally poisoned (-2 -> -6)
A: permanent stasis, dig shafts and tunnels, four strong arms, antennae 3
a: Dig, Shaft Self


You were on level 3 of the Dungeon.
You were hungry.

You visited 1 branch of the dungeon, and saw 3 of its levels.

You collected 42 gold pieces.

Inventory:

Hand Weapons
 i - a +0 short sword (weapon)
Missiles
 e - 43 stones (quivered)
 g - 58 arrows
Armour
 a - a +0 robe (worn)
 b - a +0 cloak (worn)
Jewellery
 c - a +4 ring of slaying (left hand)
 d - a cursed -4 ring of evasion (right hand)
Scrolls
 f - a scroll of remove curse {unknown}
 h - 3 scrolls of identify {unknown}
 o - a scroll of immolation {unknown}
 p - a scroll of noise {unknown}
 q - a scroll of enchant armour {unknown}
Potions
 j - a potion of flight {unknown}
 k - a potion of invisibility {unknown}
 l - a potion of mutation {unknown}
 m - 2 potions of heal wounds {unknown}
Comestibles
 n - 2 chunks of flesh
 v - a ration


   Skills:
 - Level 1.7 Dodging
 - Level 2.4 Stealth
 - Level 3.2 Spellcasting
 * Level 3.1 Conjurations
   Level 1.0 Summonings
   Level 0.8 Translocations


You had 8 spell levels left.
You knew the following spells:

 Your Spells              Type           Power        Failure   Level  Hunger
c - Magic Dart            Conj           ##..         4%          1    None

Your spell library contained the following spells:

 Spells                   Type           Power        Failure   Level  Hunger
 Call Imp                 Summ           #.......     16%         2    ##.....
 Slow                     Hex            #.......     24%         2    ##.....
 Conjure Flame            Conj/Fire      #.......     26%         3    ###....
 Mephitic Cloud           Conj/Pois/Air  #.......     30%         3    ###....
 Blink                    Tloc           Unusable     N/A         2    N/A

Dungeon Overview and Level Annotations

Branches:
Dungeon (2/15)

Altars:


Innate Abilities, Weirdness & Mutations

You cannot be hasted, slowed, berserked, paralysed or teleported.
You can dig through walls and to a lower floor.
Your four strong arms can wield two-handed weapons with a shield.
You have a pair of large antennae on your head. (SInv)


Message History

g - Guard the area. f - Follow me.
Anything else - Cancel.
You shout for attention!
You feel sick. The adder bites you. The rat completely misses you.
A gnoll comes into view. It is wielding a +0 spear.
The adder barely misses you. What are your orders? t - Shout!
Orders for allies: a - Attack new target. r - Retreat! s - Stop attacking. g - Guard the area. f - Follow me.
Anything else - Cancel.
You shout for attention!
The rat barely misses you.
A gnoll comes into view. It is wielding a +0 club.
The adder bites you but does no damage.
The gnoll hits you from afar with a +0 halberd!
You die...

###########
g##.........#
.g..g...r...#
.....g.@S...#
###.........#
#.........#
#.....?.).#
#.........#
###########


You could see 4 gnolls, an adder and a rat.

Vanquished Creatures
  2 oozes (D:1)
  A worm (D:2)
  A leopard gecko (D:2)
  A bat (D:1)
  4 giant cockroaches
  2 goblins
  6 hobgoblins
  5 kobolds
  2 quokkas (D:2)
  2 frilled lizards (D:2)
  5 rats
31 creatures vanquished.

Notes
Turn   | Place    | Note
-------+----------+-------------------------------------------
     0 | D:1      | DildoBatman the Formicid Wizard began the quest for the
                  | Orb.
     0 | D:1      | Reached XP level 1. HP: 13/13 MP: 4/4
    37 | D:1      | Reached skill level 1 in Conjurations
   375 | D:1      | Reached XP level 2. HP: 19/19 MP: 3/6
   817 | D:1      | Reached XP level 3. HP: 24/24 MP: 2/7
  1725 | D:2      | Reached XP level 4. HP: 30/30 MP: 6/8
  1728 | D:2      | You fall into a shaft and drop 1 floor!
  1746 | D:3      | Slain by a gnoll

Illustrated notes

Levels and vault maps discovered:
D:1:      matt_arrival_diagonals, layout_loops_ring, serial_bayou_lake_a
D:2:      layout_loops_cross, first_ration, chequers_ecumenical_altar_island,
          minmay_vboxes
D:3:      layout_rooms, yredelemnul_altar_generic, dancing_weapons_uskayaw,
          uniq_terence

Skill      XL: |  1  2  3 |
---------------+----------+-----
Conjurations   | 1 2 3 |  3.1
Dodging        | |  1.7
Stealth        | |  2.4
Spellcasting   | |  3.2
Summonings     | |  1.0
Translocations | |  0.8

Action                   |  1- 3 |  4- 6 || total
-------------------------+-------+-------++-------
Melee: Short sword       |    13 |       ||    13
 Cast: Magic Dart        |    87 |     1 ||    88
 Abil: Dig               |     1 |       ||     1
       Shaft Self        |       |     1 ||     1
  Eat: Chunk             |     2 |       ||     2
Armor: Robe              |     9 |    13 ||    22
Dodge: Dodged            |    13 |    11 ||    24
